[Event "ICC tourney 2257 (45 10)"]
[Site "Internet Chess Club"]
[Date "2020.12.30"]
[Round "2"]
[White "iamvoltu"]
[Black "shrek"]
[Result "1-0"]
[ICCResult "Black resigns"]
[WhiteElo "1600"]
[BlackElo "1462"]
[Opening "Queen's bishop game"]
[ECO "A45"]
[NIC "QP.07"]
[Time "13:31:59"]
[PlyCount "83"]
[TimeControl "2700+10"]

1. d4 Nf6 2. Bf4 d5 3. Nf3 e6 4. e3 c5 5. c3 Nc6 6. Nbd2 Bd6 7. Bg3 Bxg3 8.
hxg3 Qb6 9. Qb3 Qxb3 10. axb3 cxd4 11. exd4 O-O 12. Bd3 Re8 13. Nf1 e5 14.
dxe5 Nxe5 15. Nxe5 Rxe5+ 16. Ne3 h6 17. Kd2 Ne4+ 18. Bxe4 dxe4 19. Ke2 Rb5
20. b4 Be6 21. Rhd1 a6 22. Rd4 f5 23. Ra5 Kf7 24. Nc4 Rxa5 25. bxa5 Bxc4+
26. Rxc4 Re8 27. Rc7+ Re7 28. Rxe7+ Kxe7 29. Ke3 Ke6 30. Kd4 Kd6 31. c4 g6
32. b4 g5 33. b5 h5 34. c5+ Kc7 35. bxa6 bxa6 36. Ke5 Kc6 37. Kxf5 g4 38.
Kxe4 Kxc5 39. f4 gxf3 40. gxf3 Kd6 41. Kf4 Ke6 42. Kg5 { Black resigns }
1-0

[Event "ICC tourney 2257 (45 10)"]
[Site "Internet Chess Club"]
[Date "2020.12.30"]
[Round "2"]
[White "yav"]
[Black "edenhe"]
[Result "1/2-1/2"]
[ICCResult "Game drawn by mutual agreement"]
[WhiteElo "1335"]
[BlackElo "1518"]
[Opening "Queen's pawn, Mason variation"]
[ECO "D00"]
[NIC "QP.08"]
[Time "13:31:39"]
[PlyCount "158"]
[TimeControl "2700+10"]

1. d4 d5 2. Bf4 Bf5 3. Nf3 Nf6 4. e3 e6 5. c4 c5 6. Nc3 Nc6 7. cxd5 Nxd5 8.
Bg3 cxd4 9. exd4 Bb4 10. Qb3 Qa5 11. Rc1 O-O 12. Be2 Rfd8 13. O-O Nxc3 14.
bxc3 Ba3 15. Rcd1 b6 16. Nh4 Bg6 17. Nxg6 hxg6 18. Bc4 Ne7 19. Bh4 Rac8 20.
Bxe6 Rxc3 21. Bxf7+ Kf8 22. Qe6 Qf5 23. Qxf5 gxf5 24. Be6 Rc6 25. Bxf5 Rh6
26. Bg5 Rh5 27. Bxe7+ Kxe7 28. Rfe1+ Kf6 29. Be4 Bd6 30. h3 Ra5 31. Bb1 Bb4
32. Re4 Bc3 33. Rf4+ Ke6 34. Rg4 Kf7 35. Rd3 Bb2 36. Rf3+ Kg8 37. Rfg3 Bxd4
38. Rf3 Be5 39. Rd3 Rxd3 40. Bxd3 Bf6 41. Re4 Kf8 42. Re2 Ra3 43. Bg6 Be7
44. g3 b5 45. Kg2 a5 46. Bf5 a4 47. Be6 b4 48. h4 b3 49. axb3 axb3 50. Rb2
Bf6 51. Rxb3 Rxb3 52. Bxb3 Ke7 53. Kh3 Bd4 54. f3 Kf6 55. Kg4 Bf2 56. Bc2
Be1 57. h5 Bf2 58. Kf4 Be1 59. g4 Bd2+ 60. Kg3 Bc1 61. f4 Bd2 62. g5+ Kf7
63. Kg4 Kg8 64. h6 Kh8 65. hxg7+ Kxg7 66. f5 Bc3 67. Kh5 Ba1 68. Kg4 Be5
69. Kf3 Bb2 70. Ke4 Bc1 71. f6+ Kg6 72. Ke5+ Kxg5 73. f7 Ba3 74. Ba4 Kg6
75. Be8 Kg7 76. Kd5 Kf8 77. Kc4 Be7 78. Kd5 Ba3 79. Kc4 Be7 { Game drawn by
mutual agreement } 1/2-1/2

[Event "ICC tourney 2257 (45 10)"]
[Site "Internet Chess Club"]
[Date "2020.12.30"]
[Round "2"]
[White "chessvedant19"]
[Black "czw1"]
[Result "1-0"]
[ICCResult "Black checkmated"]
[WhiteElo "1522"]
[BlackElo "1356"]
[Opening "Queen's pawn: Chigorin variation"]
[ECO "D00"]
[NIC "QP.08"]
[Time "13:31:45"]
[PlyCount "121"]
[TimeControl "2700+10"]

1. d4 d5 2. Nc3 Nf6 3. Bf4 Bf5 4. f3 e6 5. g4 Bg6 6. h4 h6 7. e3 Nbd7 8.
Bd3 Bxd3 9. Qxd3 c5 10. Nge2 Be7 11. O-O-O c4 12. Qd2 a6 13. Kb1 b5 14. g5
Ng8 15. e4 b4 16. Na4 Qa5 17. b3 c3 18. Qe3 dxe4 19. fxe4 Rc8 20. d5 e5 21.
Bg3 Bd6 22. Rdf1 f6 23. Qf2 Ne7 24. Nc1 Nc5 25. Nxc5 Rxc5 26. Nd3 Qa3 27.
Qxc5 Bxc5 28. gxf6 gxf6 29. Rxf6 Bd4 30. Re6 Kd7 31. Bxe5 Bxe5 32. Nxe5+
Ke8 33. Nc4 Kd7 34. Nxa3 bxa3 35. Rxa6 Rg8 36. Rxa3 Rg4 37. Ra7+ Ke8 38. a4
Rxe4 39. d6 Nc6 40. Rh7 Re6 41. d7+ Kf8 42. Rh8+ Ke7 43. Re8+ Kxd7 44. Rxe6
Kxe6 45. Rg1 Kf5 46. h5 Ne5 47. a5 Nc6 48. a6 Na7 49. Rg7 Nc6 50. a7 Nxa7
51. Rxa7 Kg5 52. b4 Kxh5 53. b5 Kg4 54. b6 h5 55. b7 h4 56. b8=Q h3 57.
Qg8+ Kf3 58. Qe8 Kg2 59. Rf7 Kh1 60. Qe2 Kg1 61. Rf1# { Black checkmated }
1-0

[Event "ICC tourney 2257 (45 10)"]
[Site "Internet Chess Club"]
[Date "2020.12.30"]
[Round "2"]
[White "smartgoldfish"]
[Black "Abhinac123"]
[Result "0-1"]
[ICCResult "White checkmated"]
[WhiteElo "1181"]
[BlackElo "1463"]
[Opening "Evans gambit: Cordel variation"]
[ECO "C51"]
[NIC "IG.05"]
[Time "13:31:41"]
[PlyCount "80"]
[TimeControl "2700+10"]

1. e4 e5 2. Nf3 Nc6 3. Bc4 Bc5 4. b4 Bxb4 5. c3 Be7 6. d4 Na5 7. Nxe5 Nxc4
8. Nxc4 d5 9. exd5 Qxd5 10. Ne3 Qd8 11. O-O Nf6 12. h3 O-O 13. Nd2 Be6 14.
Nf3 Nd5 15. Qc2 c5 16. a3 Rc8 17. Bd2 Bf6 18. Qd1 cxd4 19. cxd4 Qd7 20.
Nxd5 Bxd5 21. Bb4 Rfd8 22. Ne5 Qf5 23. Re1 Rc2 24. Nd3 Qg5 25. Qg4 Qxg4 26.
hxg4 Bxd4 27. Rad1 Be6 28. Rf1 Bxg4 29. Rb1 Be2 30. Rfe1 Bxd3 31. Re7 Rxf2
32. Rbe1 Rf1+ 33. Kh2 Rxe1 34. Rxe1 h6 35. Rd1 Bf6 36. Kh1 Bb5 37. Rc1 Bc6
38. Rg1 Rd3 39. Rb1 Rg3 40. Rg1 Rh3# { White checkmated } 0-1

[Event "ICC tourney 2257 (45 10)"]
[Site "Internet Chess Club"]
[Date "2020.12.30"]
[Round "2"]
[White "handsomematch"]
[Black "GoIrish"]
[Result "0-1"]
[ICCResult "White resigns"]
[WhiteElo "1226"]
[BlackElo "1486"]
[Opening "French: Tarrasch, Guimard variation"]
[ECO "C04"]
[NIC "FR.15"]
[Time "13:31:53"]
[PlyCount "64"]
[TimeControl "2700+10"]

1. e4 e6 2. d4 d5 3. Nd2 Nc6 4. Ngf3 dxe4 5. Nxe4 Be7 6. Bd3 Nf6 7. O-O O-O
8. c3 b6 9. Qc2 h6 10. Nxf6+ Bxf6 11. Be4 Bb7 12. Bf4 Na5 13. b4 Bxe4 14.
Qxe4 Nc4 15. Qd3 b5 16. a4 c6 17. axb5 cxb5 18. Ra2 Re8 19. Rfa1 e5 20. Nd2
exf4 21. Nxc4 bxc4 22. Qxc4 Re7 23. Qc5 Qc7 24. Qxc7 Rxc7 25. Rc2 Bxd4 26.
Rac1 Rac8 27. c4 Be5 28. b5 Bd6 29. Kf1 f3 30. g3 g5 31. Ke1 Bb4+ 32. Kd1
Rd7+ { White resigns } 0-1

[Event "ICC tourney 2257 (45 10)"]
[Site "Internet Chess Club"]
[Date "2020.12.30"]
[Round "2"]
[White "uhm44"]
[Black "mrerikchin"]
[Result "0-1"]
[ICCResult "White checkmated"]
[WhiteElo "1472"]
[BlackElo "1636"]
[Opening "King's Indian: 4.e4"]
[ECO "E70"]
[NIC "KI.31"]
[Time "13:32:12"]
[PlyCount "76"]
[TimeControl "2700+10"]

1. d4 Nf6 2. c4 g6 3. Nc3 Bg7 4. e4 d6 5. Bd3 O-O 6. Nge2 e5 7. d5 a5 8. f3
Ne8 9. Be3 f5 10. O-O f4 11. Bf2 g5 12. Nc1 h5 13. Be2 Rf6 14. c5 Rg6 15.
h3 g4 16. fxg4 hxg4 17. hxg4 Qg5 18. cxd6 cxd6 19. Bf3 Nd7 20. Nd3 Ndf6 21.
Be1 Nxg4 22. Bd2 Nef6 23. Nf2 Qh4 24. Nxg4 Nxg4 25. Bxg4 Bxg4 26. Qe1 Qg5
27. Rf2 Bh3 28. Qf1 Kf7 29. Kh1 Bg4 30. Ne2 Rh8+ 31. Kg1 Qh4 32. Rxf4+ exf4
33. Bxf4 Rf6 34. Rc1 Bxe2 35. Rc7+ Kg6 36. Qxe2 Rxf4 37. Qf3 Qe1+ 38. Qf1
Qxf1# { White checkmated } 0-1

[Event "ICC tourney 2257 (45 10)"]
[Site "Internet Chess Club"]
[Date "2020.12.30"]
[Round "2"]
[White "ParthP2003"]
[Black "Davide25"]
[Result "1/2-1/2"]
[ICCResult "Game drawn by mutual agreement"]
[WhiteElo "1709"]
[BlackElo "1390"]
[Opening "Caro-Kann: exchange variation"]
[ECO "B13"]
[NIC "CK.02"]
[Time "13:31:58"]
[PlyCount "71"]
[TimeControl "2700+10"]

1. e4 c6 2. d4 d5 3. exd5 cxd5 4. Bd3 Nf6 5. Nf3 Nc6 6. c3 Bg4 7. Bf4 e6 8.
O-O Bd6 9. Bxd6 Qxd6 10. Nbd2 O-O 11. Re1 Rab8 12. Qc2 Rfc8 13. a3 b5 14.
Qb3 Na5 15. Qb4 Qc7 16. h3 Nc6 17. Qb3 Bh5 18. Rac1 Qb6 19. Ne5 Nxe5 20.
dxe5 Nd7 21. Qc2 Bg6 22. Bxg6 hxg6 23. Qd1 a5 24. h4 Rc7 25. h5 gxh5 26.
Qxh5 Nf8 27. Re3 b4 28. Rh3 Ng6 29. Nf3 bxc3 30. bxc3 Kf8 31. Ng5 Nf4 32.
Qh8+ Ke7 33. Qxg7 Nxh3+ 34. gxh3 Rf8 35. Nh7 Rb8 36. Ng5 { Game drawn by
mutual agreement } 1/2-1/2

[Event "ICC tourney 2257 (45 10)"]
[Site "Internet Chess Club"]
[Date "2020.12.30"]
[Round "2"]
[White "Fredzhang"]
[Black "JudeNYC"]
[Result "1-0"]
[ICCResult "Black checkmated"]
[WhiteElo "1319"]
[BlackElo "1581"]
[Opening "Caro-Kann: Tartakower (Nimzovich) variation"]
[ECO "B15"]
[NIC "CK.06"]
[Time "13:31:59"]
[PlyCount "125"]
[TimeControl "2700+10"]

1. e4 c6 2. Nc3 d5 3. d4 dxe4 4. Nxe4 Nf6 5. Nxf6+ exf6 6. Nf3 Bd6 7. Bc4
O-O 8. Be3 a5 9. c3 b5 10. Bd3 Be6 11. b3 Re8 12. O-O Nd7 13. Re1 Nf8 14.
Qc2 Qc7 15. Be4 Bg4 16. h3 Be6 17. Rad1 Qd7 18. Ne5 fxe5 19. dxe5 Bxb3 20.
Qxb3 Rxe5 21. Bf4 Re6 22. c4 f5 23. cxb5 fxe4 24. bxc6 Qxc6 25. Rxd6 Qc8
26. Rxe6 Qxe6 27. Qa4 Nd7 28. Qxe4 Qxe4 29. Rxe4 Nc5 30. Re5 Nd3 31. Re4
Rc8 32. Bg5 Rc2 33. Ra4 Rc5 34. Be3 Rb5 35. Rd4 Ne1 36. Rd2 Rb1 37. Kh2 Ra1
38. Bd4 Rb1 39. Bc3 Rc1 40. Bxa5 Nc2 41. Rd8+ Kf7 42. Rc8 Kf6 43. Bd2 Rf1
44. Rxc2 Rxf2 45. Bc3+ Ke6 46. Rxf2 Kd5 47. Rf4 Kc5 48. a4 Kc6 49. a5 Kb7
50. Bxg7 Ka6 51. Rf5 Ka7 52. Bc3 Ka6 53. Kg3 Kb7 54. Kf4 Ka6 55. Bb4 h5 56.
Ke4 h4 57. Kd4 Kb7 58. Rf6 Ka7 59. a6 Kb8 60. Rf7 Ka8 61. Kc5 Kb8 62. Kb6
Ka8 63. Rf8# { Black checkmated } 1-0

[Event "ICC tourney 2257 (45 10)"]
[Site "Internet Chess Club"]
[Date "2020.12.30"]
[Round "3"]
[White "beibeiolivia"]
[Black "MajesticSnake"]
[Result "1-0"]
[ICCResult "Black resigns"]
[WhiteElo "1264"]
[BlackElo "1217"]
[Opening "Sicilian: Alapin's variation (2.c3)"]
[ECO "B22"]
[NIC "SI.46"]
[Time "16:02:22"]
[PlyCount "35"]
[TimeControl "2700+10"]

1. e4 c5 2. c3 d5 3. exd5 Qxd5 4. d4 cxd4 5. cxd4 Nf6 6. Nc3 Qd8 7. Bc4 e6
8. Nf3 Be7 9. O-O O-O 10. Bf4 Nbd7 11. Bb3 b6 12. Rc1 Bb7 13. Nb5 Nd5 14.
Bxd5 exd5 15. Bc7 Qe8 16. Re1 Ba6 17. Nd6 Bxd6 18. Rxe8 { Black resigns }
1-0

[Event "ICC tourney 2257 (45 10)"]
[Site "Internet Chess Club"]
[Date "2020.12.30"]
[Round "3"]
[White "salamenceg"]
[Black "ishaan11"]
[Result "0-1"]
[ICCResult "White checkmated"]
[WhiteElo "1080"]
[BlackElo "1553"]
[Opening "Sicilian: Kan, 5.Nc3"]
[ECO "B43"]
[NIC "SI.41"]
[Time "16:01:51"]
[PlyCount "48"]
[TimeControl "2700+10"]

1. e4 c5 2. Nf3 e6 3. d4 cxd4 4. Nxd4 a6 5. Nc3 Qc7 6. Bd3 Nf6 7. Be3 b5 8.
Qf3 Bb7 9. Qe2 Bb4 10. Bd2 Nc6 11. Nf3 d6 12. O-O-O O-O 13. Rhg1 Bxc3 14.
Bxc3 e5 15. h4 b4 16. Bd2 a5 17. g4 a4 18. g5 Nh5 19. Nh2 Nd4 20. Qxh5 b3
21. Ng4 bxa2 22. Nf6+ gxf6 23. gxf6+ Kh8 24. Bh6 Nb3# { White checkmated }
0-1

[Event "ICC tourney 2257 (45 10)"]
[Site "Internet Chess Club"]
[Date "2020.12.30"]
[Round "3"]
[White "SeannDSpeyer"]
[Black "chessvedant19"]
[Result "0-1"]
[ICCResult "White checkmated"]
[WhiteElo "1279"]
[BlackElo "1522"]
[Opening "Queen's pawn game"]
[ECO "A46"]
[NIC "QP.06"]
[Time "16:01:34"]
[PlyCount "126"]
[TimeControl "2700+10"]

1. d4 Nf6 2. Nf3 e6 3. g3 d5 4. Bg2 Nbd7 5. O-O b6 6. c4 Bb7 7. cxd5 exd5
8. Nc3 a6 9. Ne5 Bd6 10. Nxd7 Qxd7 11. Bg5 Ne4 12. Nxe4 dxe4 13. Qc2 f5 14.
Rae1 O-O 15. f3 exf3 16. exf3 Rae8 17. Rxe8 Rxe8 18. Qc4+ Kh8 19. d5 Bc5+
20. Kh1 Qxd5 21. Qxd5 Bxd5 22. a3 h6 23. Bf4 c6 24. Rc1 a5 25. Bd2 Re2 26.
Bc3 Kh7 27. Re1 Rxe1+ 28. Bxe1 Bd4 29. b4 axb4 30. axb4 c5 31. bxc5 bxc5
32. f4 Bxg2+ 33. Kxg2 Kg6 34. Kf3 Kf6 35. Ke2 Ke6 36. Kd3 Kd5 37. Bc3 Bxc3
38. Kxc3 Ke4 39. Kc4 Kf3 40. Kxc5 Kg2 41. Kd5 Kxh2 42. Ke5 g6 43. Kf6 Kxg3
44. Kxg6 Kxf4 45. Kxh6 Kg4 46. Kg6 f4 47. Kf6 f3 48. Ke5 f2 49. Ke4 f1=Q
50. Ke3 Qf3+ 51. Kd4 Qe2 52. Kd5 Qe3 53. Kc4 Qd2 54. Kb3 Qc1 55. Ka2 Qc7
56. Kb3 Qc5 57. Kb2 Qc4 58. Ka1 Qb4 59. Ka2 Kf3 60. Ka1 Ke2 61. Ka2 Kd2 62.
Ka1 Kc2 63. Ka2 Qb2# { White checkmated } 0-1

[Event "ICC tourney 2257 (45 10)"]
[Site "Internet Chess Club"]
[Date "2020.12.30"]
[Round "3"]
[White "ChessG2011"]
[Black "pusheen2019"]
[Result "0-1"]
[ICCResult "White checkmated"]
[WhiteElo "1183"]
[BlackElo "1499"]
[Opening "Scandinavian defense"]
[ECO "B01"]
[NIC "SD.03"]
[Time "16:01:31"]
[PlyCount "48"]
[TimeControl "2700+10"]

1. e4 d5 2. exd5 Nf6 3. Nc3 Nxd5 4. Nxd5 Qxd5 5. Nf3 Bg4 6. Be2 Nc6 7. h3
Bh5 8. O-O e6 9. b3 Bxf3 10. Bxf3 Qe5 11. Bxc6+ bxc6 12. d4 Qf5 13. Bb2 Rd8
14. Qe2 Qa5 15. a4 Bb4 16. Qc4 Qb6 17. Rad1 O-O 18. c3 Be7 19. b4 Rd5 20.
a5 Qb5 21. Qd3 Rg5 22. Bc1 Rg6 23. Rfe1 Qd5 24. Re5 Qxg2# { White
checkmated } 0-1

[Event "ICC tourney 2257 (45 10)"]
[Site "Internet Chess Club"]
[Date "2020.12.30"]
[Round "3"]
[White "Abhinac123"]
[Black "IveDoneEnough"]
[Result "1-0"]
[ICCResult "Black resigns"]
[WhiteElo "1463"]
[BlackElo "1645"]
[Opening "King's Indian, 3.Nf3"]
[ECO "E61"]
[NIC "KI.76"]
[Time "16:01:37"]
[PlyCount "43"]
[TimeControl "2700+10"]

1. d4 Nf6 2. c4 g6 3. Nf3 Bg7 4. Nc3 d6 5. Bf4 O-O 6. h3 c5 7. e3 Nc6 8.
Be2 Qb6 9. Qd2 Nh5 10. Nd5 Qd8 11. Bh2 f5 12. O-O e6 13. Nc3 Qe7 14. dxc5
Bxc3 15. bxc3 e5 16. cxd6 Qe6 17. Qd5 f4 18. Ng5 Qxd5 19. cxd5 Nd8 20. Bxh5
gxh5 21. exf4 exf4 22. Rfe1 { Black resigns } 1-0

[Event "ICC tourney 2257 (45 10)"]
[Site "Internet Chess Club"]
[Date "2020.12.30"]
[Round "3"]
[White "yuanbao2007"]
[Black "RobloxMadCity"]
[Result "0-1"]
[ICCResult "White checkmated"]
[WhiteElo "1664"]
[BlackElo "1420"]
[Opening "QGD semi-Slav"]
[ECO "D43"]
[NIC "SL.03"]
[Time "16:01:44"]
[PlyCount "60"]
[TimeControl "2700+10"]

1. d4 d5 2. Nf3 c6 3. c4 Nf6 4. Nc3 e6 5. Bf4 Be7 6. e3 O-O 7. Bd3 dxc4 8.
Bxc4 Nbd7 9. O-O b5 10. Bd3 Bb7 11. Rc1 a6 12. Qe2 c5 13. Rfd1 c4 14. Bb1
Nb6 15. a3 Rc8 16. Ne5 Nbd5 17. Bg5 Nxc3 18. Rxc3 Nd5 19. Bxe7 Nxc3 20. Qh5
g6 21. Nxg6 fxg6 22. Bxg6 Qxe7 23. bxc3 hxg6 24. Qxg6+ Qg7 25. Qxe6+ Kh8
26. Qh3+ Qh7 27. Qe6 Rc6 28. Qe5+ Qg7 29. Qh5+ Rh6 30. Qe8 Qxg2# { White
checkmated } 0-1

[Event "ICC tourney 2257 (45 10)"]
[Site "Internet Chess Club"]
[Date "2020.12.30"]
[Round "3"]
[White "al68067"]
[Black "bluntjackson"]
[Result "1-0"]
[ICCResult "Black checkmated"]
[WhiteElo "1091"]
[BlackElo "1473"]
[Opening "Queen's pawn: London system"]
[ECO "A45"]
[NIC "QP.05"]
[Time "16:01:45"]
[PlyCount "97"]
[TimeControl "2700+10"]

1. d4 Nf6 2. Bf4 e6 3. Nf3 c5 4. c3 cxd4 5. cxd4 Bb4+ 6. Nc3 Ne4 7. Rc1 Qa5
8. Qb3 Nc6 9. a3 Bd6 10. Bxd6 Nxd6 11. e3 Qf5 12. Be2 O-O 13. O-O b6 14. d5
Ne5 15. Rfd1 Nb7 16. dxe6 dxe6 17. Rd4 Nc5 18. Qc2 Qxc2 19. Rxc2 Bb7 20.
Nxe5 Rac8 21. Nd7 Nxd7 22. Rxd7 Bd5 23. Rd2 Bc4 24. Bxc4 Rxc4 25. Rxa7 b5
26. h3 b4 27. axb4 Rxb4 28. Rad7 g6 29. Rd8 Rxd8 30. Rxd8+ Kg7 31. Rd2 h6
32. Kh2 g5 33. Kg3 h5 34. Ne2 Kg6 35. Nd4 h4+ 36. Kf3 e5 37. Nc6 e4+ 38.
Ke2 Rb6 39. Nd4 f6 40. Rc2 Kf7 41. Rc7+ Kg6 42. b3 Rb8 43. f3 exf3+ 44.
Kxf3 Rb6 45. Rc4 Rb8 46. b4 f5 47. Rc6+ Kh5 48. Nxf5 Rf8 49. Rh6# { Black
checkmated } 1-0

[Event "ICC tourney 2257 (45 10)"]
[Site "Internet Chess Club"]
[Date "2020.12.30"]
[Round "3"]
[White "audreykeyanli"]
[Black "ScorpianFire7"]
[Result "1-0"]
[ICCResult "Black resigns"]
[WhiteElo "1240"]
[BlackElo "1503"]
[Opening "Giuoco Pianissimo: Italian four knights variation"]
[ECO "C50"]
[NIC "IG.02"]
[Time "16:01:34"]
[PlyCount "55"]
[TimeControl "2700+10"]

1. e4 e5 2. Nf3 Nc6 3. Bc4 Bc5 4. Nc3 Nf6 5. d3 h6 6. h3 d6 7. Na4 Bb6 8.
Nxb6 axb6 9. O-O Be6 10. Bxe6 fxe6 11. Be3 O-O 12. Re1 d5 13. Bd2 Re8 14.
Bc3 d4 15. Bd2 Nd7 16. a4 Nc5 17. b4 Nxa4 18. b5 Ne7 19. Nxe5 Nc5 20. Rxa8
Qxa8 21. Qh5 Rf8 22. Bxh6 gxh6 23. Qxh6 Qe8 24. f4 Nc8 25. Rf1 Qe7 26. Rf3
Qg7 27. Qh4 Qf6 28. Rg3+ { Black resigns } 1-0

[Event "ICC tourney 2257 (45 10)"]
[Site "Internet Chess Club"]
[Date "2020.12.30"]
[Round "3"]
[White "marinaxiao"]
[Black "yav"]
[Result "1/2-1/2"]
[ICCResult "Game drawn by repetition"]
[WhiteElo "1556"]
[BlackElo "1335"]
[Opening "Sicilian: Najdorf, Byrne (English) attack"]
[ECO "B90"]
[NIC "SI.14"]
[Time "16:01:33"]
[PlyCount "79"]
[TimeControl "2700+10"]

1. e4 c5 2. Nf3 d6 3. d4 cxd4 4. Nxd4 Nf6 5. Nc3 a6 6. Be3 e6 7. Be2 Be7 8.
O-O O-O 9. Qe1 Nc6 10. f4 e5 11. fxe5 dxe5 12. Nb3 Be6 13. Rd1 Qc7 14. Qg3
Rfd8 15. Bh6 g6 16. Bg5 Ne8 17. Bh6 Bf8 18. Bxf8 Kxf8 19. Bg4 Bxg4 20. Qxg4
Rxd1 21. Rxd1 Nf6 22. Qh4 Kg7 23. Rf1 Qb6+ 24. Kh1 Nh5 25. Nd5 Qb5 26. Qf2
Rf8 27. g4 Nf4 28. Nxf4 exf4 29. Qxf4 Nb4 30. Qf6+ Kg8 31. Nd4 Qc4 32. Rf4
Nxc2 33. Nf5 gxf5 34. Qg5+ Kh8 35. Qf6+ Kg8 36. Qg5+ Kh8 37. Qf6+ Kg8 38.
Qg5+ Kh8 39. Qf6+ Kg8 40. Qg5+ { Game drawn by repetition } 1/2-1/2

[Event "ICC tourney 2257 (45 10)"]
[Site "Internet Chess Club"]
[Date "2020.12.30"]
[Round "3"]
[White "IvSa"]
[Black "serenacool"]
[Result "0-1"]
[ICCResult "White resigns"]
[WhiteElo "1655"]
[BlackElo "1282"]
[Opening "Queen's pawn game"]
[ECO "D02"]
[NIC "QP.09"]
[Time "16:01:32"]
[PlyCount "70"]
[TimeControl "2700+10"]

1. Nf3 d5 2. d4 Bf5 3. Nh4 Bd7 4. Nf3 Nf6 5. c4 e6 6. Bg5 c5 7. e3 Be7 8.
Nc3 h6 9. Bxf6 Bxf6 10. cxd5 cxd4 11. Nxd4 exd5 12. Nxd5 Qa5+ 13. Nc3 Nc6
14. Nb5 O-O-O 15. Qc1 Bg4 16. Be2 Bxe2 17. Kxe2 Bxc3 18. Nxc3 Qa6+ 19. Ke1
Kb8 20. Ne4 Nb4 21. Nc5 Qb5 22. a4 Qxc5 23. Qxc5 Nd3+ 24. Ke2 Nxc5 25. b4
Ne4 26. Kf3 f5 27. Rhd1 g5 28. g4 Rde8 29. gxf5 Rhf8 30. Rd5 g4+ 31. Kf4
Nxf2 32. Ra3 h5 33. Kg5 Rg8+ 34. Kh4 g3 35. Kxh5 gxh2 { White resigns } 0-1

[Event "ICC tourney 2257 (45 10)"]
[Site "Internet Chess Club"]
[Date "2020.12.30"]
[Round "3"]
[White "JudeNYC"]
[Black "crazyhorse9"]
[Result "0-1"]
[ICCResult "White checkmated"]
[WhiteElo "1581"]
[BlackElo "1462"]
[Opening "Vienna game"]
[ECO "C25"]
[NIC "VG.04"]
[Time "16:01:43"]
[PlyCount "36"]
[TimeControl "2700+10"]

1. e4 e5 2. Nc3 Bc5 3. Qg4 Nf6 4. Qxg7 Rg8 5. Qh6 Bxf2+ 6. Kd1 d6 7. d3 Rg6
8. Qd2 Ng4 9. Qe2 Bc5 10. Nh3 Nc6 11. Na4 Ne3+ 12. Ke1 Nd4 13. Qd2 Ndxc2+
14. Kf2 Nc4+ 15. Kf3 Nxd2+ 16. Bxd2 Qh4 17. g3 Bg4+ 18. Kg2 Qxh3# { White
checkmated } 0-1

[Event "ICC tourney 2257 (45 10)"]
[Site "Internet Chess Club"]
[Date "2020.12.30"]
[Round "3"]
[White "RishiMurali"]
[Black "JackOliver"]
[Result "1/2-1/2"]
[ICCResult "Game drawn by mutual agreement"]
[WhiteElo "1664"]
[BlackElo "1449"]
[Opening "Queen's pawn game"]
[ECO "E00"]
[NIC "QP.07"]
[Time "16:01:27"]
[PlyCount "73"]
[TimeControl "2700+10"]

1. d4 Nf6 2. c4 e6 3. e3 Bb4+ 4. Bd2 Qe7 5. Nc3 O-O 6. Nf3 d5 7. cxd5 exd5
8. Be2 Bxc3 9. bxc3 Bf5 10. c4 c6 11. cxd5 cxd5 12. Qb3 Nc6 13. Bb5 Rfd8
14. Bxc6 bxc6 15. O-O Ne4 16. Bb4 Qe6 17. Qd1 Bg4 18. h3 Bxf3 19. Qxf3 Rab8
20. Be1 Rb2 21. Qd1 Rdb8 22. f3 Ng5 23. h4 Nh3+ 24. Kh1 Qg6 25. Bd2 Rc2 26.
gxh3 Rbb2 27. Rb1 Rxd2 28. Qxd2 Rxb1 29. Rxb1 Qxb1+ 30. Kg2 h6 31. h5 Qf5
32. Qa5 Qxh5 33. Qxa7 Qg6+ 34. Kh2 Qc2+ 35. Kg3 Qg6+ 36. Kf2 Qc2+ 37. Kg3 {
Game drawn by mutual agreement } 1/2-1/2

[Event "ICC tourney 2257 (45 10)"]
[Site "Internet Chess Club"]
[Date "2020.12.30"]
[Round "3"]
[White "JonesGill"]
[Black "handsomematch"]
[Result "1-0"]
[ICCResult "Black checkmated"]
[WhiteElo "1228"]
[BlackElo "1226"]
[Opening "Giuoco Piano"]
[ECO "C44"]
[NIC "SO.06"]
[Time "16:01:34"]
[PlyCount "73"]
[TimeControl "2700+10"]

1. e4 e5 2. Nf3 Nc6 3. d4 exd4 4. Bc4 Bc5 5. c3 Nf6 6. cxd4 Bb4+ 7. Nc3
Nxe4 8. O-O Bxc3 9. bxc3 d5 10. Bd3 O-O 11. Qc2 Bf5 12. Ba3 Re8 13. Rab1
Rb8 14. Rfe1 Qd7 15. Rbd1 Re6 16. Qb2 Rg6 17. Bb5 f6 18. Nh4 Rg5 19. Nxf5
Rxf5 20. f3 Nd6 21. Bd3 Rg5 22. Qf2 f5 23. Qh4 Rg6 24. Qh3 Rf8 25. Re2 Rh6
26. Qg3 Rg6 27. Qh3 Na5 28. Rde1 Rh6 29. Qg3 f4 30. Qf2 Rd8 31. Re7 Qa4 32.
Bc1 Rf6 33. Qh4 Rh6 34. Qg5 Ne8 35. Qxf4 Qc6 36. Qf7+ Kh8 37. Qf8# { Black
checkmated } 1-0

[Event "ICC tourney 2257 (45 10)"]
[Site "Internet Chess Club"]
[Date "2020.12.30"]
[Round "3"]
[White "trucker"]
[Black "edwinthomas"]
[Result "1-0"]
[ICCResult "Black checkmated"]
[WhiteElo "1610"]
[BlackElo "1526"]
[Opening "Ruy Lopez: Bird's defense"]
[ECO "C61"]
[NIC "RL.05"]
[Time "16:02:17"]
[PlyCount "63"]
[TimeControl "2700+10"]

1. e4 e5 2. Nf3 Nc6 3. Bb5 Nd4 4. Bc4 c6 5. Nxd4 exd4 6. O-O d6 7. a4 Be7
8. Qh5 Nh6 9. h3 Bf6 10. d3 Qd7 11. Bxh6 gxh6 12. Qxh6 Qe7 13. f4 Bd7 14.
Nd2 O-O-O 15. Qh5 d5 16. Bb3 Rhg8 17. Rae1 Bh4 18. Re2 Bxh3 19. exd5 Rxg2+
20. Rxg2 Qe3+ 21. Kh2 Bxg2 22. Qg4+ Kb8 23. Qxg2 Rd6 24. Nc4 Bg3+ 25. Qxg3
Rh6+ 26. Kg2 Qe2+ 27. Rf2 Qh5 28. Qg8+ Kc7 29. d6+ Kd7 30. Ne5+ Kxd6 31.
Nxf7+ Kc7 32. Qd8# { Black checkmated } 1-0

[Event "ICC tourney 2257 (45 10)"]
[Site "Internet Chess Club"]
[Date "2020.12.30"]
[Round "3"]
[White "ElijahL2020"]
[Black "czw1"]
[Result "0-1"]
[ICCResult "White resigns"]
[WhiteElo "1311"]
[BlackElo "1356"]
[Opening "Sicilian defense"]
[ECO "B40"]
[NIC "SI.43"]
[Time "16:01:33"]
[PlyCount "84"]
[TimeControl "2700+10"]

1. e4 c5 2. Nf3 e6 3. c3 Nf6 4. e5 Nd5 5. d4 cxd4 6. cxd4 d6 7. exd6 Bxd6
8. Nc3 O-O 9. Nxd5 exd5 10. Be2 Nc6 11. O-O Bf5 12. Bd3 Qd7 13. Qc2 Bxd3
14. Qxd3 Nb4 15. Qd1 Qf5 16. Be3 Rac8 17. a3 Nc2 18. Rc1 Nxe3 19. fxe3 Rxc1
20. Qxc1 Rc8 21. Qb1 Qxb1 22. Rxb1 Rc2 23. Kf1 f6 24. Ne1 Rd2 25. Nf3 Rd3
26. Ke2 Rb3 27. Nd2 Rb6 28. h3 Kf7 29. Kf3 Kg6 30. Kg4 h5+ 31. Kf3 Kf5 32.
g4+ hxg4+ 33. hxg4+ Kg5 34. e4 Bf4 35. Nf1 dxe4+ 36. Kxe4 Kxg4 37. d5 Rd6
38. Re1 Rd8 39. Re2 Re8+ 40. Kd3 Rxe2 41. Kxe2 Kf5 42. Kd3 Ke5 { White
resigns } 0-1